 Dungeon Crawl Stone Soup version 0.23.2-40-g277498a (webtiles) character file.

Game seed: 15605183762812300050

13086 CrazyJ the Agent of Entropy (level 11, 0/89 HPs)
             Began as a Demonspawn Abyssal Knight on Sept 9, 2019.
             Was a Priest of Lugonu.
             Shot with a bolt by a yaktaur (24 damage)
             ... on level 12 of the Dungeon.
             The game lasted 01:36:07 (16415 turns).

CrazyJ the Agent of Entropy (DsAK)                 Turns: 16415, Time: 01:36:08

Health: 0/89       AC: 16    Str: 22    XL:     11   Next: 71%
Magic:  16/19      EV: 14    Int: 14    God:    Lugonu [***...]
Gold:   173        SH:  0    Dex: 13    Spells: 10/10 levels left

rFire    + . .     SeeInvis .   h - +2 scythe (distort)
rCold    x . .     Gourm    .   (shield currently unavailable)
rNeg     + . .     Faith    +   z - +3 scale mail {rPois}
rPois    +         Spirit   .   s - +0 helmet
rElec    .         Reflect  .   B - +0 cloak
rCorr    .         Harm     .   V - +2 pair of gloves
MR       .....                  (boots unavailable)
Stlth    ++........             q - amulet of faith
HPRegen  0.24/turn              y - ring of positive energy
MPRegen  0.16/turn              Q - ring of fire

@: mighty, hasted, very quick
A: hooves 3, iridescent scales 1, deformed body, demonic guardian 1, mutation
resistance 1, nightstalker 2, strong 1
a: Depart the Abyss, Bend Space, Banish, Renounce Religion


You were on level 12 of the Dungeon.
You worshipped Lugonu.
Lugonu was most pleased with you.
You were not hungry.

You visited 2 branches of the dungeon, and saw 14 of its levels.
You visited the Abyss 2 times.
You also visited: Ossuary.

You collected 545 gold pieces.
You spent 372 gold pieces at shops.

Inventory:

Hand Weapons
 h - a +2 scythe of distortion (weapon)
 H - a +0 shortbow
 P - a cursed +2 trident of freezing
 T - a +0 blowgun
 U - a +3 spear
 X - a +0 scythe of venom
Missiles
 e - 394 stones (quivered)
 j - 298 arrows
 n - 75 poisoned needles
 o - 65 sling bullets
 K - 2 throwing nets
Armour
 p - a +0 crystal plate armour
 s - a +0 helmet (worn)
 v - a +0 chain mail
 z - a +3 scale mail of poison resistance (worn)
 A - a +0 pair of gloves
 B - a +0 cloak (worn)
 C - a +0 pair of gloves
 D - a +0 chain mail
 E - a +0 shield
 I - a +2 buckler
 V - a +2 pair of gloves (worn)
Jewellery
 b - a cursed ring of teleportation
 q - an amulet of faith (around neck)
 y - a ring of positive energy (left hand)
 Q - a ring of fire (right hand)
 W - a +3 ring of dexterity
Wands
 t - a wand of scattershot (4)
 x - a wand of polymorph (2)
 M - a wand of disintegration (8)
 S - a wand of enslavement (11)
Scrolls
 d - a scroll of blinking {unknown}
 f - a scroll of amnesia {unknown}
 g - a scroll of noise
 i - 4 scrolls of remove curse
 k - 3 scrolls of random uselessness
 l - a scroll of enchant weapon {unknown}
 m - a scroll of enchant armour {unknown}
 r - a scroll of fog {unknown}
 u - 10 scrolls of identify
 w - a scroll of immolation
 F - 2 scrolls of torment
 G - a scroll of magic mapping {unknown}
 O - a scroll of holy word {unknown}
Potions
 R - a potion of curing
Miscellaneous
 a - a phial of floods
 J - a lightning rod (4/4)
Comestibles
 c - 9 rations


   Skills:
 + Level 9.0 Fighting
 + Level 7.9 Polearms
 + Level 7.8 Armour
 + Level 7.7 Dodging
 + Level 11.0 Invocations
 + Level 3.2 Evocations


You had 10 spell levels left.
You didn't know any spells.
Your spell library was empty.

Dungeon Overview and Level Annotations

Branches:
Dungeon (13/15)            Temple (1/1) D:5             Orc (0/2) D:9
   Lair: D:8-11      Vaults: D:13-14

Altars:
Ashenzari
Cheibriados
Dithmenos
Elyvilon
Fedhas
Gozag
Hepliaklqana
Kikubaaqudgha
Makhleb
Nemelex Xobeh
Okawaru
Qazlal
Ru
Sif Muna
Trog
Uskayaw
Vehumet
Wu Jian
Xom
Yredelemnul
Zin
The Shining One
Beogh

Shops:
D:6 (   D:9 *

Annotations:
D:9 exclusion: orange crystal statue
D:11 Grum
Abyss:1 Edmund, Pikel, Snorg


Innate Abilities, Weirdness & Mutations

You have hooves in place of feet.
You are partially covered in iridescent scales. (AC +2)
A weak demonic guardian rushes to your aid.
You are significantly more attuned to the shadows.
Armour fits poorly on your strangely shaped body.
You are somewhat resistant to further mutation.
Your muscles are strong. (Str +2)


Message History

The yaktaur shouts!
Your shadow imp barely misses the orange demon.
The yaktaur wields a +0 arbalest.
The yaktaur shoots a bolt.
The bolt hits you but does no damage.
You see here a bolt.
A yaktaur comes into view. x2
Okay, then.
Okay, then.
You feel very mighty all of a sudden.
The yaktaur shoots a bolt.
The bolt hits you!
The yaktaur drinks a potion.
The yaktaur seems to speed up.
The yaktaur wields a +0 arbalest.
The yaktaur shoots a bolt.
The bolt hits you!
* * * LOW HITPOINT WARNING * * *
You see here a bolt.
Okay, then.
Space bends around you!
You blink.
The yaktaur wields a +0 arbalest.
The yaktaur shoots a bolt.
The bolt barely misses you.
The yaktaur shoots a bolt.
The bolt barely misses you.
The yaktaur shoots a bolt.
The bolt hits you!!
You die...

######## ########
##......# .......#
#..####'### ..####.#
#.##.)....##
..####.###.#....(^..#
...........#........#
..####.#####.)..@...#
..# #.# #........#
... ..# #........#
### #### #....cc..#
##.c....## ###'######
#5.....# #.##.#.#
##.##.#.#


You could see 3 yaktaurs.

Vanquished Creatures
  A two-headed ogre (D:9)
  A manticore (D:12)
  2 centaur skeletons
  A kobold demonologist (D:13)
  A vampire (D:10)
  A spriggan (D:7)
  6 yaks
  2 wraiths
  A hungry ghost (D:13)
  2 vampire mosquitoes (D:10)
  5 orc warriors
  A black bear (D:11)
  4 phantoms
  3 ice beasts
  3 ogres
  6 centaurs
  8 big kobolds
  Blork the orc (D:5)
  7 bullfrogs
  5 scorpions
  7 killer bees
  11 wights
  4 howler monkeys
  5 crimson imps
  A centaur zombie (Ossuary)
  A bullfrog zombie (D:13)
  A quasit (D:7)
  2 orc priests (D:9)
  5 hounds
  4 bullfrog skeletons
  2 iguanas
  7 orc wizards
  Natasha (D:3)
  13 worker ants
  3 big kobold zombies (Ossuary)
  A hound zombie (D:7)
  A hound skeleton (D:8)
  5 mummies (Ossuary)
  A howler monkey skeleton (D:4)
  8 adders
  7 gnolls
  4 shadow imps
  2 adder zombies
  2 oozes
  A worm (D:3)
  4 dart slugs
  5 leopard geckos
  32 orcs
  8 bats
  3 giant cockroaches
  7 goblins
  3 hobgoblins
  10 jackals
  25 kobolds
  3 quokkas
  3 frilled lizards
  3 hobgoblin zombies (Ossuary)
  A quokka skeleton (D:4)
  9 rats
  2 rat zombies (D:7)
278 creatures vanquished.

Vanquished Creatures (collateral kills)
  A centaur zombie (D:12)
  2 yaks (D:11)
  A water moccasin (D:8)
  A necrophage (D:8)
  An ogre (D:7)
  A bullfrog (D:9)
  2 howler monkeys
  An orc wizard (D:6)
  Natasha (twice) (D:3)
  A worker ant (D:12)
  3 orcs
  4 kobolds
  A frilled lizard (D:4)
21 creatures vanquished.

Vanquished Creatures (others)
  2 two-headed ogres
  2 cyclopes
  2 manticores
  A yak (D:13)
  A hungry ghost (D:7)
  A water moccasin (D:11)
  2 orc warriors
  2 slaves (D:8)
  2 killer bees
  4 jellies
  A gnoll shaman (D:8)
  A bullfrog skeleton (D:4)
  A big kobold zombie (Ossuary)
  A hound skeleton (D:4)
  A howler monkey zombie (D:10)
  2 gnolls (D:8)
  An orc (D:7)
27 creatures vanquished.

Grand Total: 326 creatures vanquished

Notes
Turn   | Place    | Note
-------+----------+-------------------------------------------
     0 | Abyss:1  | CrazyJ the Demonspawn Abyssal Knight began the quest for
                  | the Orb.
     0 | Abyss:1  | Reached XP level 1. HP: 18/18 MP: 2/2
   106 | Abyss:1  | Noticed a starcursed mass
   188 | Abyss:2  | Noticed a quasit
   191 | Abyss:2  | Noticed an iron imp
   193 | D:1      | Escaped the Abyss
   234 | D:1      | Reached skill level 1 in Dodging
   669 | D:1      | Gained mutation: A weak demonic guardian rushes to your
                  | aid. [demonic ancestry]
   669 | D:1      | Reached XP level 2. HP: 21/24 MP: 4/4
   853 | D:1      | Reached * piety under Lugonu
  1513 | D:1      | Reached skill level 3 in Invocations
  1555 | D:1      | Gained mutation: You have large cloven feet. [demonic
                  | ancestry]
  1555 | D:1      | Reached XP level 3. HP: 28/29 MP: 5/5
  2621 | D:3      | Found a stormy altar of Qazlal.
  2631 | D:3      | Noticed Sigmund
  2635 | D:3      | HP: 1/29 [Sigmund/+2 scythe of distortion (19)]
  2636 | D:3      | Noticed Sigmund
  2636 | D:3      | Sigmund changed into Sigmund the howler monkey
  2644 | D:3      | Killed Sigmund the howler monkey
  2644 | D:3      | Gained mutation: You are slightly more attuned to the
                  | shadows. [demonic ancestry]
  2644 | D:3      | Reached XP level 4. HP: 14/35 MP: 6/6
  2656 | D:3      | Noticed Natasha
  2660 | D:3      | Killed Natasha
  3031 | D:3      | Noticed Natasha
  3037 | D:3      | Killed Natasha
  3405 | D:3      | Noticed Natasha
  3410 | D:3      | Killed Natasha
  3410 | D:3      | Gained mutation: You are partially covered in iridescent
                  | scales. (AC +2) [demonic ancestry]
  3410 | D:3      | Reached XP level 5. HP: 35/42 MP: 7/7
  3623 | D:3      | Found a hazy altar of Hepliaklqana.
  3785 | D:4      | Reached skill level 4 in Invocations
  3920 | D:4      | Found a basalt altar of Yredelemnul.
  3950 | D:4      | Noticed Edmund
  3955 | D:4      | Reached ** piety under Lugonu
  3955 | D:4      | Banished Edmund
  3955 | D:4      | Gained mutation: You have hoof-like feet. [demonic
                  | ancestry]
  3955 | D:4      | Reached XP level 6. HP: 48/48 MP: 9/9
  4970 | D:5      | Entered Level 5 of the Dungeon
  4983 | D:4      | Gained mutation: You have hooves in place of feet. [demonic
                  | ancestry]
  4983 | D:4      | Reached XP level 7. HP: 54/55 MP: 10/10
  4993 | D:4      | Reached skill level 5 in Invocations
  5108 | D:5      | Found a staircase to the Ecumenical Temple.
  5114 | Temple   | Entered the Ecumenical Temple
  5867 | D:5      | Noticed Blork the orc
  5873 | D:5      | Killed Blork the orc
  5873 | D:5      | Reached skill level 5 in Fighting
  5896 | D:5      | Found a sacrificial altar of Ru.
  6088 | D:5      | Reached *** piety under Lugonu
  6088 | D:5      | Reached XP level 8. HP: 62/62 MP: 12/12
  6217 | D:5      | Found an iron altar of Okawaru.
  6218 | D:5      | Found a white marble altar of Elyvilon.
  6220 | D:5      | Found an opulent altar of Gozag.
  6220 | D:5      | Found a glowing golden altar of the Shining One.
  6234 | D:5      | Reached skill level 6 in Invocations
  6240 | D:5      | Found a bloodstained altar of Trog.
  6241 | D:5      | Found a deep blue altar of Sif Muna.
  6429 | D:6      | Found Ibbet's Antique Weapon Boutique.
  7127 | D:7      | Found a sacrificial altar of Ru.
  7896 | D:6      | Reached skill level 7 in Invocations
  7932 | D:6      | Noticed a two-headed ogre
  7937 | D:6      | Banished a two-headed ogre
  7937 | D:6      | Reached skill level 5 in Polearms
  7937 | D:6      | Reached skill level 5 in Armour
  7937 | D:6      | Reached XP level 9. HP: 21/69 MP: 14/14
  7944 | D:6      | Reached skill level 5 in Dodging
  8760 | D:7      | Found a stormy altar of Qazlal.
  8895 | D:7      | Found a burning altar of Makhleb.
  8937 | D:7      | Reached skill level 8 in Invocations
  9175 | D:7      | Found an ancient bone altar of Kikubaaqudgha.
  9533 | D:8      | Found a sand-covered staircase.
  9624 | Ossuary  | Entered an ossuary
  9695 | Ossuary  | Reached **** piety under Lugonu
  9946 | D:8      | Gained mutation: Armour fits poorly on your strangely
                  | shaped body. [potion of mutation]
  9946 | D:8      | Gained mutation: Your muscles are strong. (Str +2) [potion
                  | of mutation]
  9946 | D:8      | Gained mutation: You are somewhat resistant to further
                  | mutation. [potion of mutation]
 10260 | D:8      | Noticed Pikel
 10265 | D:8      | Banished Pikel
 10724 | D:9      | Gained mutation: You are significantly more attuned to the
                  | shadows. [demonic ancestry]
 10724 | D:9      | Reached XP level 10. HP: 79/79 MP: 16/16
 10804 | D:9      | Noticed a two-headed ogre
 10920 | D:7      | Reached skill level 9 in Invocations
 11220 | D:9      | Found a hide-covered altar of Uskayaw.
 11262 | D:9      | Found Ycenewk's Assorted Antiques.
 11267 | D:9      | Noticed a two-headed ogre
 11283 | D:9      | Banished a two-headed ogre
 11857 | D:9      | Bought a glowing scale mail for 217 gold pieces
 11857 | D:9      | Bought a blackened sapphire ring for 155 gold pieces
 12077 | D:9      | Killed a two-headed ogre
 12094 | D:9      | Noticed an orange crystal statue
 12130 | D:9      | Found a staircase to the Orcish Mines.
 12293 | D:9      | Found a roughly hewn altar of Beogh.
 12605 | D:10     | Entered Level 10 of the Dungeon
 12778 | D:10     | Noticed Snorg
 12785 | D:10     | Banished Snorg
 12797 | D:10     | Reached skill level 10 in Invocations
 13142 | D:10     | Noticed a cyclops
 13147 | D:10     | Banished a cyclops
 13319 | D:10     | Reached XP level 11. HP: 69/86 MP: 18/18
 13813 | D:11     | Reached ***** piety under Lugonu
 13985 | D:11     | Reached skill level 1 in Evocations
 13992 | D:11     | Noticed Grum
 14496 | D:11     | You fall through a shaft for 2 floors!
 15648 | D:12     | Noticed a tengu warrior
 16120 | D:12     | Reached skill level 11 in Invocations
 16388 | Abyss:1  | Noticed a large abomination
 16391 | D:12     | Escaped the Abyss
 16415 | D:12     | Shot with a bolt by a yaktaur

Skill      XL: |  1  2  3  4  5  6  7  8  9 10 11 |
---------------+----------------------------------+-----
Dodging        | 1 2 3 4 5 7 |  7.7
Armour         | 2 3 4 5 6 7 |  7.8
Polearms       | 2 3 4 5 6 7 |  7.9
Invocations    | 3 4 5 7 8 10 11 | 11.0
Fighting       | 4 5 6 7 8 9 |  9.0
Evocations     | 3 |  3.2

Action                   |  1- 3 |  4- 6 |  7- 9 | 10-12 || total
-------------------------+-------+-------+-------+-------++-------
Melee: Spear             |   143 |       |       |    10 ||   153
       Kick              |    13 |    25 |    69 |    91 ||   198
       Scythe            |       |    90 |   328 |   338 ||   756
Throw: Stone             |     8 |       |     6 |     2 ||    16
Invok: Depart the Abyss  |     1 |       |       |     1 ||     2
       Bend Space        |       |       |     6 |     4 ||    10
       Banish            |       |       |     7 |     9 ||    16
       Enter the Abyss   |       |       |       |     1 ||     1
Evoke: Wand              |     1 |       |     1 |       ||     2
  Use: Scroll            |     1 |     1 |     5 |     7 ||    14
       Potion            |     1 |       |     6 |     6 ||    13
 Stab: Distracted        |       |     1 |     1 |     4 ||     6
       Sleeping          |       |       |       |     1 ||     1
  Eat: Chunk             |     4 |     5 |     7 |     6 ||    22
       Ration            |     1 |       |     5 |     5 ||    11
Armor: Leather armour    |     3 |       |       |       ||     3
       Scale mail        |    37 |       |       |   208 ||   245
       Crystal plate arm |    83 |     4 |       |       ||    87
       Chain mail        |       |    90 |   390 |    25 ||   505
Dodge: Dodged            |    43 |    43 |   244 |   441 ||   771
